 Dungeon Crawl Stone Soup version 0.17.0-26-gececa24 (webtiles) character file.

270 inmateoo the Chopper (level 6, -8/72 HPs)
             Began as a Human Berserker on Nov 21, 2015.
             Was a Priest of Trog.
             Mangled by an ogre
             ... wielding a +0 giant club
              (18 damage)
             ... on level 4 of the Dungeon.
             The game lasted 00:04:13 (4624 turns).

inmateoo the Chopper (Human Berserker)              Turns: 4624, Time: 00:04:14

Health: -8/72      AC: 11    Str: 24    XL:     6   Next: 47%
Magic:  6/6        EV:  9    Int:  7    God:    Trog [***...]
Gold:   199        SH:  0    Dex: 13    Spells: 0 memorised, 5 levels left

rFire  . . .     SeeInvis .     a - +0 hand axe
rCold  . . .     Clarity  .     m - +0 chain mail
rNeg   . . .     SustAt   .     (no shield)
rPois  .         Gourm    .     (no helmet)
rElec  .         Spirit   .     b - +0 cloak
rCorr  .         Warding  .     (no gloves)
rMut   .         Stasis   .     j - +0 pair of boots
MR     .....                    (no amulet)
Stlth  ..........               (no ring)
                                d - ring of loudness (curse)

@: berserking, very quick, not resistant to hostile enchantments, extremely
unstealthy
A: no striking features
a: Berserk, Trog's Hand, Burn Spellbooks, Renounce Religion


You were on level 4 of the Dungeon.
You worshipped Trog.
Trog was most pleased with you.
You were not hungry.

You visited 1 branch of the dungeon, and saw 4 of its levels.

You collected 199 gold pieces.

Inventory:

Hand Weapons
 a - a +0 hand axe (weapon)
Armour
 b - a +0 cloak (worn)
 j - a +0 pair of boots (worn)
 m - a +0 chain mail (worn)
Jewellery
 d - a cursed ring of loudness (left hand)
 k - an uncursed ring of flight
Wands
 q - a wand of enslavement (18)
Scrolls
 f - a scroll of remove curse
 i - a scroll of recharging
 l - a scroll of teleportation
 o - a scroll of magic mapping {unknown}
Potions
 g - 4 potions of haste
 h - 3 potions of curing
 n - a potion of brilliance {unknown}
 p - a potion of agility {unknown}
Comestibles
 c - 4 bread rations
 r - 2 chunks of flesh


   Skills:
 + Level 4.0 Fighting
 * Level 4.8 Axes
 + Level 3.1 Armour
 + Level 3.3 Dodging


You had 5 spell levels left.
You didn't know any spells.

Dungeon Overview and Level Annotations

Branches:
Dungeon (4/15)
 Temple: D:4-7

Altars:
Dithmenos
Okawaru
Trog

Shops:
D:4 %


Message History

A worm comes into view.
Your chain mail prevents you from hitting the ogre.
The ogre is lightly wounded.
The ogre completely misses you.
You hit the ogre.
The ogre is moderately wounded.
The ogre hits you with a giant club!!
Your chain mail prevents you from hitting the ogre.
The ogre is moderately wounded.
The ogre hits you with a giant club!!
* * * LOW HITPOINT WARNING * * *
A red film seems to cover your vision as you go berserk!
You feel yourself moving faster!
You feel mighty!
You feel somewhat more hungry. The ogre misses you.
Your chain mail prevents you from hitting the ogre.
The ogre is moderately wounded.
You hit the ogre.
The ogre is heavily wounded.
The ogre hits you with a giant club!!
You die...

....... .....## ...#
..#... ... ### ##....
.. #.. # .### ####w
##.. #.## ###...###
#... ..# #.......#
#... ###
#.......#########... #
##.@..#.............
#...O##############...
......% ##.....†
.##..#. #..###..
.%....##### ##.## #..
.### .......####..#
### ......#..#...###
...............#
#.####........#


You could see an ogre and a worm.

Vanquished Creatures
  A hound (D:4)
  An iguana (D:4)
  A worker ant (D:4)
  3 gnolls (D:3)
  7 adders
  2 oozes
  A worm (D:4)
  2 orcs
  2 ball pythons
  8 bats
  7 hobgoblins
  9 jackals
  10 kobolds
  2 giant cockroaches
  4 giant geckos
  3 giant newts
  9 goblins
  11 rats
83 creatures vanquished.

Notes
Turn   | Place    | Note
--------------------------------------------------------------
     0 | D:1      | inmateoo the Human Berserker began the quest for the Orb.
     0 | D:1      | Reached XP level 1. HP: 18/18 MP: 1/1
   399 | D:1      | Reached XP level 2. HP: 8/24 MP: 2/2
  1108 | D:1      | Reached XP level 3. HP: 16/29 MP: 3/3
  1415 | D:1      | Reached ** piety under Trog
  2679 | D:2      | Reached XP level 4. HP: 25/35 MP: 4/4
  2937 | D:2      | Found a bloodstained altar of Trog.
  2938 | D:2      | Found a shadowy altar of Dithmenos.
  3180 | D:3      | Reached skill level 4 in Axes
  3502 | D:3      | Reached XP level 5. HP: 38/41 MP: 5/5
  3798 | D:3      | Found an iron altar of Okawaru.
  3978 | D:4      | Found Simumug's Food Shoppe.
  4037 | D:4      | Reached XP level 6. HP: 11/48 MP: 6/6
  4101 | D:4      | Reached *** piety under Trog
  4615 | D:4      | Noticed an ogre
  4624 | D:4      | Mangled by an ogre

Action                   |  1- 3 |  4- 6 || total
-------------------------+-------+-------++-------
Melee: Hand axe          |   127 |   203 ||   330
Invok: Berserk           |     1 |     2 ||     3
       Trog's Hand       |       |     2 ||     2
  Use: Scroll            |       |     9 ||     9
  Eat: Chunk             |     1 |     9 ||    10
       Bread ration      |     1 |       ||     1
